 Dungeon Crawl Stone Soup version 0.31.0 (webtiles) character file.

Game seed: 4290576837788544201

214 SnakkuSnakku7 the Chopper (level 6, -1/47 HPs)
             Began as a Formicid Cinder Acolyte on Jan 20, 2024.
             Was a High Priest of Ignis.
             Slain by Duvessa
             ... wielding a +0 short sword
              (6 damage)
             ... on level 4 of the Dungeon.
             The game lasted 00:03:42 (2589 turns).

SnakkuSnakku7 the Chopper (Formicid Cinder Acolyte) Turns: 2589, Time: 00:03:43

Health: -1/47      AC:  6    Str: 21    XL:     6   Next: 15%
Magic:  7/7        EV: 10    Int: 13    God:    Ignis [*****.]
Gold:   169        SH:  3    Dex:  9    Spells: 7/7 levels left

rFire   + . .        a - +0 war axe
rCold   . . .        x - +0 buckler
rNeg    . . .        p - +0 ring mail
rPois   .            (helmet unavailable)
rElec   .            y - +0 cloak
rCorr   .            (no gloves)
SInv    +            (no boots)
Will    +....        c - amulet of regeneration Stlth
                     i - ring of flight
HPRegen 1.07/turn    h - ring of willpower
MPRegen 0.10/turn

%: no passive effects
@: flying
A: permanent stasis, dig shafts and tunnels, antennae 3, four strong arms
a: Dig, Shaft Self, Renounce Religion, Fiery Armour, Foxfire Swarm, Rising Flame


You were on level 4 of the Dungeon.
You worshipped Ignis.
Ignis was extremely pleased with you.
You visited 1 branch of the dungeon, and saw 4 of its levels.

You collected 169 gold pieces.

Inventory:

Hand Weapons
 a - a +0 war axe (weapon)
 e - a -1 hand axe of flaming
Armour
 b - a +0 robe
 n - a +0 leather armour
 p - a +0 ring mail (worn)
 x - a +0 buckler (worn)
 y - a +0 cloak (worn)
Jewellery
 c - an amulet of regeneration (around neck)
 h - a ring of willpower (right hand)
 i - a ring of flight (left hand)
Wands
 o - a wand of flame (3)
Scrolls
 f - a scroll of blinking {unknown}
 j - a scroll of noise {unknown}
 l - a scroll of identify {unknown}
 r - 2 scrolls of vulnerability {unknown}
 v - 2 scrolls of teleportation {unknown}
 w - a scroll of enchant weapon {unknown}
 A - a scroll of summoning {unknown}
Potions
 d - 2 potions of degeneration {unknown}
 g - 3 potions of curing {unknown}
 k - 3 potions of attraction {unknown}
 m - a potion of resistance {unknown}
 q - a potion of haste {unknown}
 s - a potion of mutation {unknown}
 t - a potion of brilliance {unknown}
 u - a potion of heal wounds {unknown}
 z - a potion of magic {unknown}


   Skills:
 - Level 3.2 Fighting
 + Level 6.4 Axes
 - Level 1.1 Spellcasting
 - Level 3.0 Fire Magic


You had 7 spell levels left.
You didn't know any spells.
Your spell library contained the following spells:

 Spells                   Type           Power      Damage    Failure   Level
 Scorch                   Fire           16%        2d5       26%         2


Dungeon Overview and Level Annotations

Branches:
Dungeon (4/15)
 Temple: D:4-7

Altars:

Shops:
D:2 [   D:3 ?

Annotations:
D:4 Dowan, Duvessa


Innate Abilities, Weirdness & Mutations

You cannot be hasted, slowed, berserked, paralysed or teleported.
You can dig through walls and to a lower floor.
You have a pair of large antennae on your head. (SInv)
Your four strong arms can wield two-handed weapons with a shield.


Message History

Duvessa closely misses you. Duvessa hits you but does no damage.
You hit Duvessa but do no damage.
Duvessa is heavily wounded.
Duvessa hits you with a +0 short sword. x2
You barely miss Duvessa.
Duvessa is heavily wounded.
You block Duvessa's attack.
Dowan casts a spell.
Dowan blinks!
Duvessa hits you with a +0 short sword.
You hit Duvessa.
Duvessa is severely wounded.
Duvessa hits you with a +0 short sword. x2
Dowan mumbles some strange words.
Dowan blinks!
You barely miss Duvessa.
Duvessa is severely wounded.
Duvessa barely misses you. You block Duvessa's attack.
You barely miss Duvessa.
Duvessa is severely wounded.
Duvessa gestures with her weapon.
Duvessa hits you with a +0 short sword.
You barely miss Duvessa.
Duvessa is severely wounded.
Duvessa closely misses you. Duvessa barely misses you.
You hit Duvessa.
Duvessa is almost dead.
Duvessa hits you with a +0 short sword.
* * * LOW HITPOINT WARNING * * *
Dowan says, "My weaknesses are her strengths!"
You block Duvessa's attack.
You barely miss Duvessa.
Duvessa is almost dead.
Duvessa hits you with a +0 short sword.
* * * LOW HITPOINT WARNING * * *
Duvessa hits you with a +0 short sword!
* * * LOW HITPOINT WARNING * * *
You barely miss Duvessa.
Duvessa is almost dead.
Duvessa misses you. Duvessa hits you with a +0 short sword.
You die...

.... { ... .. , #.
#######
##..##.########..#..##
.......'....#...#....#
[......#....#...+....#
...<...#....#...#....#
####...###ยง.##@###.###
### #...
#..##e###'###..... ....
#....eJ...<...# #....
#.............# { #....
#.............#
###..###..###.# ####
#..# ## ..... ......


You could see Duvessa (fast), Dowan and an endoplasm.

Vanquished Creatures
  An orc priest (D:3)
  An orc wizard (D:3)
  5 adders
  3 gnolls
  5 dart slugs
  3 orcs (D:3)
  6 endoplasms
  3 giant cockroaches
  6 goblins
  6 hobgoblins
  2 jackals (D:1)
  A quokka (D:1)
  10 ball pythons
  9 bats
  4 frilled lizards
  4 kobolds
  9 rats
78 creatures vanquished.

Notes
Turn   | Place    | Note
-------+----------+-------------------------------------------
     0 | D:1      | SnakkuSnakku7 the Formicid Cinder Acolyte began the quest
                  | for the Orb.
     0 | D:1      | Reached XP level 1. HP: 18/18 MP: 2/2
   126 | D:1      | Reached XP level 2. HP: 24/24 MP: 3/3
   330 | D:1      | Reached skill level 4 in Axes
   330 | D:1      | Reached XP level 3. HP: 29/29 MP: 4/4
   794 | D:2      | Found Jutwurgh's Armour Boutique.
   909 | D:1      | Reached XP level 4. HP: 11/35 MP: 5/5
  1085 | D:2      | Reached skill level 5 in Axes
  1184 | D:2      | Reached XP level 5. HP: 30/41 MP: 6/6
  1693 | D:3      | Found Kiopp's Magic Scroll Shop.
  1968 | D:3      | Reached skill level 6 in Axes
  1969 | D:3      | Reached XP level 6. HP: 29/47 MP: 7/7
  2553 | D:4      | Noticed Duvessa
  2553 | D:4      | Noticed Dowan
  2589 | D:4      | Slain by Duvessa

Illustrated notes

Levels and vault maps discovered:
D:1:      giann_forest_graveyard, layout_basic
D:2:      layout_loops_cross, serial_shops, shop_statue, minivault_4,
          minmay_circle_x
D:3:      layout_loops_corners, serial_shops, shop
D:4:      layout_gridville, minmay_temple_entry_antechambers, uniq_sigmund,
          uniq_duvessa

Skill      XL: |  1  2  3  4  5 |
---------------+----------------+-----
Axes           | 4 5 6 |  6.4
Fighting       | |  3.2
Spellcasting   | |  1.1
Fire Magic     | |  3.0

Action                     |  1- 3 |  4- 6 || total
---------------------------+-------+-------++-------
  Melee: Hand axe          |    16 |       ||    16
         War axe           |    76 |   161 ||   237
         Punch             |       |     1 ||     1
Ability: Dig               |       |     1 ||     1
 Armour: Robe              |    58 |       ||    58
         Leather armour    |       |    50 ||    50
         Ring mail         |       |    99 ||    99
  Dodge: Dodged            |    73 |   120 ||   193
  Block: Buckler           |       |    14 ||    14
